Map: Iron Fortress LE (Void)

Players

AgCl - Winner!

  • Race: Protoss Protoss

GundamRS

  • Race: Protoss Protoss

VOD

Have the link to the VOD?

Description

Time

  • Played on: May 4, 2015, 8:45 p.m.
  • Length: 7:51
Show
View Real Time Build Order
Export as new Build Order

AgCl Protoss - Winner!

Build Orders:  

Get SALT Encoding   

  12  0:03  Probe  
  13  0:15  Probe  
  14  0:22  Pylon  
  14  0:33  Assimilator  
  14  0:40  Probe (Chrono Boost)  
  15  0:42  Gateway  
  15  0:52  Probe (Chrono Boost)  
  16  1:00  Probe (Chrono Boost)  
  16  1:01  Pylon  
  17  1:09  Probe (Chrono Boost)  
  18  1:17  Probe (Chrono Boost)  
  19  1:22  Assimilator  
  19  1:26  Probe (Chrono Boost)  
  19  1:32  Cybernetics Core  
  20  1:38  Probe (Chrono Boost)  
  22  1:47  Probe (Chrono Boost)  
  22  1:55  Probe  
  23  2:07  Probe  
  24  2:08  Warp Gate (Chrono Boost)  
  24  2:11  Stargate  
  24  2:19  Probe  
  25  2:30  Pylon  
  25  2:31  Probe  
  26  2:42  Gateway  
  26  2:44  Mothership Core, Pylon  
  28  3:04  Void Ray (Chrono Boost)  
  30  3:30  Robotics Facility  
  30  3:40  Void Ray (Chrono Boost)  
  34  3:42  Pylon  
  34  3:51  Probe  
  34  3:55  Forge  
  35  4:03  Probe  
  35  4:05  Twilight Council  
  35  4:10  Stalker  
  35  4:13  Adept  
  35  4:15  Probe  
  38  4:27  Probe  
  39  4:35  Adept  
  41  4:44  Nexus  
  41  4:45  Observer (Chrono Boost)  
  42  5:04  Immortal (Chrono Boost)  
  46  5:11  Pylon  
  42  5:23  Zealot x2  
  44  5:46  Assimilator  
  44  5:49  Gateway  
  44  6:06  Dark Shrine  
  44  6:17  Stalker  
  46  6:24  Zealot  
  34  7:06  Zealot  
  34  7:07  Zealot  
  31  7:16  Probe (Chrono Boost)  
  31  7:21  Dark Templar  
  31  7:22  Dark Templar x2  
  34  7:23  Probe (Chrono Boost)  
  37  7:37  Probe (Chrono Boost)  
  36  7:45  Assimilator  
Show
View Real Time Build Order
Export as new Build Order

GundamRS Protoss 

Build Orders:  

Get SALT Encoding   

  12  0:01  Probe  
  13  0:13  Pylon  
  13  0:19  Probe  
  14  0:31  Probe (Chrono Boost)  
  15  0:37  Gateway  
  16  0:44  Probe (Chrono Boost)  
  16  0:47  Assimilator  
  16  0:51  Assimilator  
  16  0:52  Probe  
  17  1:04  Probe (Chrono Boost)  
  18  1:16  Probe (Chrono Boost)  
  19  1:23  Pylon  
  19  1:25  Probe (Chrono Boost)  
  20  1:28  Cybernetics Core  
  20  1:33  Probe  
  21  1:45  Zealot  
  21  1:46  Probe  
  24  1:54  Pylon  
  24  1:58  Probe  
  25  2:04  Warp Gate (Chrono Boost)  
  25  2:10  Mothership Core  
  27  2:19  Stalker  
  29  2:43  Gateway x2  
  29  2:45  Forge  
  29  2:49  Pylon  
  29  2:53  Pylon  
  29  3:15  Probe  
  30  3:20  Photon Cannon  
  28  3:27  Gateway  
  28  3:54  Adept x3  
  34  4:07  Probe  
  33  4:25  Probe  
  33  4:29  Nexus  
  30  4:31  Stalker  
  30  4:32  Stalker x2, Pylon  
  30  4:38  Protoss Ground Weapons Level 1 (Chrono Boost)  
  36  4:51  Photon Cannon  
  35  5:14  Zealot x2  
  39  5:22  Twilight Council  
  39  5:26  Probe  
  39  5:29  Stalker x2  
  43  5:38  Probe  
  43  5:42  Gateway  
  42  5:47  Pylon  
  42  5:48  Probe  
  41  5:54  Probe (Chrono Boost)  
  42  6:06  Probe (Chrono Boost)  
  42  6:07  Probe (Chrono Boost)  
  44  6:13  Probe (Chrono Boost)  
  44  6:14  Pylon  
  44  6:15  Probe (Chrono Boost)  
  46  6:22  Probe  
  47  6:31  Pylon  
  47  6:39  Stalker x2  
  51  6:45  Zealot  
  51  6:46  Zealot  
  35  7:08  Stalker x3  
  37  7:17  Probe (Chrono Boost)  
  37  7:22  Photon Cannon  
  39  7:24  Mothership Core (Chrono Boost)  
  39  7:29  Probe (Chrono Boost)  
  41  7:35  Zealot x2  
  46  7:37  Probe (Chrono Boost)  
  46  7:49  Robotics Facility  
Tags
 
Add a new tag
Caveats
  • Supply blocks, unpowered buildings, or Contaminate may cause inaccurate times.
  • Supply counts are checked every 10 seconds.